 Dungeon Crawl Stone Soup version 0.26-a0-720-g2a1d101370 (webtiles) character file.

Game seed: 6026484854641481035

5888 Megalobster the Cleaver (level 10, 0/88 HPs)
             Began as a Minotaur Berserker on Oct 30, 2020.
             Was an Elder of Trog.
             Slain by a catoblepas (6 damage)
             ... while petrified by you
             ... on level 9 of the Dungeon on Nov 3, 2020.
             The game lasted 00:33:22 (8413 turns).

Megalobster the Cleaver (Minotaur Berserker)        Turns: 8413, Time: 00:33:23

Health: 0/88       AC: 14    Str: 26    XL:     10   Next: 52%
Magic:  9/9        EV:  2    Int:  4    God:    Trog [****..]
Gold:   202        SH:  0    Dex:  9    Spells: 9/9 levels left

rFire    . . .     SeeInvis .   a - +3 battleaxe
rCold    + . .     Faith    .   (shield currently unavailable)
rNeg     + + +     Spirit   .   x - +0 chain mail
rPois    ∞         Reflect  .   d - +1 hat
rElec    .         Harm     .   I - +0 cloak
rCorr    .         Rampage  .   (no gloves)
MR       .....                  (no boots)
Stlth    ..........             h - amulet of the acrobat
HPRegen  0.24/turn              n - ring of stealth
MPRegen  0.11/turn              A - ring of protection from cold

@: brilliant, petrified, berserk cooldown, slowed
A: retaliatory headbutt, horns 2
a: Berserk, Trog's Hand, Brothers in Arms, Renounce Religion


You were on level 9 of the Dungeon.
You worshipped Trog.
Trog was greatly pleased with you.
You visited 1 branch of the dungeon, and saw 9 of its levels.
You also visited: Sewer.

You collected 342 gold pieces.
You spent 140 gold pieces at shops.

Inventory:

Hand Weapons
 a - a +3 battleaxe (weapon)
 b - a +2 whip of electrocution
Missiles
 c - 221 stones (quivered)
 g - a boomerang of dispersal
 E - 10 boomerangs
Armour
 d - a +1 hat (worn)
 j - a +0 scale mail
 x - a +0 chain mail (worn)
 C - a +0 troll leather armour {Purgy}
 I - a +0 cloak (worn)
Jewellery
 f - an uncursed ring of ice
 h - an amulet of the acrobat (around neck)
 n - a ring of stealth (left hand)
 s - an uncursed ring of protection from magic
 A - a ring of protection from cold (right hand)
 H - an uncursed ring of fire
Wands
 i - a wand of digging (4)
Scrolls
 o - a scroll of noise {unknown}
 p - 7 scrolls of teleportation
 u - 2 scrolls of immolation
 v - 4 scrolls of remove curse {@r2}
 y - 2 scrolls of fear {unknown}
 F - a scroll of enchant armour {unknown}
 K - a scroll of fog {unknown}
Potions
 e - 6 potions of curing {@q1}
 k - a potion of haste
 l - a potion of invisibility {unknown}
 m - 2 potions of might
 q - a potion of berserk rage {unknown}
 r - a potion of mutation {unknown}
 t - a potion of brilliance
 w - a potion of ambrosia
 z - 2 potions of heal wounds {unknown}
 B - a potion of cancellation
 D - 3 potions of magic
 G - a potion of flight {unknown}
 J - 2 potions of lignification {unknown}


   Skills:
 + Level 7.9 Fighting
 * Level 14.3 Axes
 + Level 10.2 Armour
 - Level 2.1 Dodging


You had 9 spell levels left.
You didn't know any spells.
Your spell library was empty.

Dungeon Overview and Level Annotations

Branches:
Dungeon (9/15)             Temple (0/1) D:4            Lair (0/6) D:8
  Sewer (visited)
    Orc: D:9-12

Altars:
Ashenzari
Cheibriados
Dithmenos
Gozag
Hepliaklqana
Okawaru
Ru
Vehumet
Zin

Shops:
D:5 [*


Innate Abilities, Weirdness & Mutations

You reflexively headbutt those who attack you in melee.
You have a pair of horns on your head.


Message History

Your limbs have turned to stone.
The catoblepas gores you but does no damage. x2
You have turned to stone.
The catoblepas breathes a plume of calcifying dust at you.
The blast of calcifying dust hits you.
You are engulfed in calcifying dust.
The catoblepas gores you!!
* * * LOW HITPOINT WARNING * * *
You are engulfed in calcifying dust.
The catoblepas gores you!
* * * LOW HITPOINT WARNING * * *
You are engulfed in calcifying dust.
The catoblepas gores you!!
* * * LOW HITPOINT WARNING * * *
The catoblepas gores you but does no damage.
The catoblepas gores you!
* * * LOW HITPOINT WARNING * * *
The catoblepas gores you!
* * * LOW HITPOINT WARNING * * *
You feel less invigorated.
You feel less confused. The catoblepas gores you!
You die...

######'#........#
. . #.#........#
.###.
#.#........#
#...#
#.#......... ...
#.###'###.## .Z.
#.........# #s#
###......(# #Y#
#.......# #@#
###..##.# #†#
#...#.# #.#
#.#.#.#
#.#########.#.#.#
#...........#...#
####........##..#
#...........>#
#........#####
#####........#


You could see a catoblepas, a scorpion and a hound zombie.

Vanquished Creatures
  A two-headed ogre (D:8)
  Pikel (D:6)
  A troll (D:7)
  Grinder (D:4)
  Sigmund (D:6)
  A spriggan (shapeshifter) (D:9)
  A hog (shapeshifter) (D:9)
  A human (shapeshifter) (D:9)
  A vampire mosquito (D:9)
  Purgy (Sewer)
  4 orc warriors
  4 phantoms
  2 black bears
  3 ogres
  2 centaurs
  6 bullfrogs
  A big kobold (D:8)
  A gnoll sergeant (D:8)
  4 killer bees (D:7)
  2 scorpions
  5 wights (D:7)
  A howler monkey (D:6)
  A jelly (D:8)
  8 hounds
  9 orc priests
  Crazy Yiuf (D:6)
  A centaur skeleton (D:5)
  Terence (D:2)
  6 orc wizards
  A statue (D:8)
  4 worker ants
  A hound skeleton (D:5)
  Robin (D:4)
  4 gnolls (D:8)
  A howler monkey skeleton (D:6)
  10 adders
  A river rat (D:5)
  A shadow imp (D:6)
  2 white imps (D:6)
  2 ufetubi
  An adder zombie (D:8)
  3 adder skeletons
  5 worms
  4 dart slugs
  7 leopard geckos
  47 orcs
  6 giant cockroaches
  16 goblins
  6 hobgoblins
  12 jackals
  10 kobolds
  4 quokkas
  A ball python (Sewer)
  12 bats
  13 frilled lizards
  A jackal zombie (D:7)
  A leopard gecko zombie (D:6)
  A quokka skeleton (D:5)
  12 rats
262 creatures vanquished.

Notes
Turn   | Place    | Note
-------+----------+-------------------------------------------
     0 | D:1      | Megalobster the Minotaur Berserker began the quest for the
                  | Orb.
     0 | D:1      | Reached XP level 1. HP: 19/19 MP: 0/0
     0 | D:1      | Upgraded the game from 0.26-a0-710-g95a0c6c400 to
                  | 0.26-a0-720-g2a1d101370
   107 | D:1      | Reached skill level 4 in Axes
   359 | D:1      | Reached XP level 2. HP: 26/26 MP: 1/1
   957 | D:1      | Reached skill level 5 in Axes
  1033 | D:1      | Reached XP level 3. HP: 28/31 MP: 2/2
  1551 | D:2      | Noticed Terence
  1565 | D:2      | Killed Terence
  1565 | D:2      | Reached ** piety under Trog
  1565 | D:2      | Reached XP level 4. HP: 39/39 MP: 3/3
  1627 | D:2      | Found an iron altar of Okawaru.
  2131 | D:3      | Reached skill level 6 in Axes
  2528 | D:3      | Reached XP level 5. HP: 45/45 MP: 4/4
  2682 | D:3      | Found an opulent altar of Gozag.
  2843 | D:4      | Noticed Robin
  2854 | D:4      | Reached *** piety under Trog
  2861 | D:4      | Killed Robin
  2861 | D:4      | Reached skill level 7 in Axes
  2890 | D:4      | Reached XP level 6. HP: 47/51 MP: 5/5
  3115 | D:4      | Found a staircase to the Ecumenical Temple.
  3117 | D:4      | Noticed Grinder
  3124 | D:4      | Killed Grinder
  3124 | D:4      | Reached skill level 8 in Axes
  3124 | D:4      | Reached skill level 5 in Armour
  3124 | D:4      | Reached XP level 7. HP: 57/57 MP: 6/6
  3420 | D:4      | Reached skill level 9 in Axes
  3658 | D:5      | Entered Level 5 of the Dungeon
  3677 | D:5      | Found Gicsuil's General Store.
  3683 | D:5      | Bought a scroll of identify for 20 gold pieces
  3683 | D:5      | Bought a potion of might for 40 gold pieces
  3683 | D:5      | Bought a potion of cancellation for 80 gold pieces
  3817 | D:5      | Found a glowing drain.
  3821 | Sewer    | Entered a sewer
  3871 | Sewer    | Noticed Purgy
  3879 | Sewer    | Killed Purgy
  4201 | D:5      | Found Liraem's Armour Boutique.
  4437 | D:5      | Reached skill level 10 in Axes
  4437 | D:5      | Reached XP level 8. HP: 63/64 MP: 7/7
  4881 | D:5      | Found a snail-covered altar of Cheibriados.
  5230 | D:6      | Found a runed translucent door.
  5231 | D:6      | Noticed Crazy Yiuf
  5237 | D:6      | Killed Crazy Yiuf
  5237 | D:6      | Reached **** piety under Trog
  5325 | D:6      | Noticed Sigmund
  5338 | D:6      | Killed Sigmund
  5447 | D:6      | Reached skill level 11 in Axes
  5499 | D:6      | Noticed Pikel
  5505 | D:6      | Found a glowing silver altar of Zin.
  5519 | D:6      | Killed Pikel
  5519 | D:6      | Reached XP level 9. HP: 72/72 MP: 8/8
  5578 | D:6      | Found a hazy altar of Hepliaklqana.
  5756 | D:7      | Reached skill level 12 in Axes
  5764 | D:7      | Reached skill level 5 in Fighting
  6203 | D:7      | Noticed a troll
  6209 | D:7      | Killed a troll
  6558 | D:7      | Reached skill level 13 in Axes
  6696 | D:7      | HP: 5/112 [ogre/+0 giant club (24)]
  7124 | D:7      | Found a sacrificial altar of Ru.
  7182 | D:8      | Noticed a two-headed ogre
  7584 | D:8      | Killed a two-headed ogre
  7584 | D:8      | Reached XP level 10. HP: 86/86 MP: 9/9
  7638 | D:8      | Found an iron altar of Okawaru.
  7640 | D:8      | Found a shadowy altar of Dithmenos.
  8084 | D:8      | Reached skill level 14 in Axes
  8084 | D:8      | Reached skill level 10 in Armour
  8159 | D:8      | Found a broken altar of Ashenzari.
  8163 | D:8      | Saw a vision of the Shoals and the Spider Nest.
  8163 | D:8      | Noticed a merfolk siren
  8164 | D:8      | Noticed a wolf spider
  8183 | D:8      | Found a staircase to the Lair.
  8210 | D:8      | Found a radiant altar of Vehumet.
  8373 | D:9      | Noticed a catoblepas
  8404 | D:9      | HP: 2/88 [catoblepas (8)]
  8409 | D:9      | HP: 4/88 [catoblepas (10)]
  8412 | D:9      | HP: 1/88 [catoblepas (8)]
  8413 | D:9      | Slain by a catoblepas

Illustrated notes

Levels and vault maps discovered:
D:1:      nagdon_arrival_double_spiral, layout_loops_corners,
          minmay_tromino_mix6
D:2:      layout_rooms, okawaru_gym_becter, uniq_terence
D:3:      minmay_bubble_buster, layout_rooms, grunt_gozag_breadcrumbs
D:4:      layout_loops_cross, minmay_temple_entry_stoned_glass, minivault_11,
          uniq_grinder, uniq_robin
D:5:      layout_loops_ring, kennysheep_mini_moat, serial_shops,
          nicolae_shop_temple_entry_statues_fountains, nicolae_shop_statue_plus,
          gup_sewer_entry_spiral
D:6:      layout_rooms, overflow_temple_1_default, zin_statuary,
          grunt_ministairs_2, uniq_crazy_yiuf_cottage, uniq_pikel, uniq_sigmund
D:7:      layout_loops_ring, kennysheep_little_box
D:8:      layout_rooms, vehumet_statue, minitemple, lair_entry_dummy,
          kennysheep_another_room, grunt_ashenzari_visionary
          [grunt_ashenzari_visionary_shoals, grunt_ashenzari_visionary_spider]
D:9:      minmay_blocky_corners, layout_basic, orc_0_dummy

Skill      XL: |  1  2  3  4  5  6  7  8  9 10 |
---------------+-------------------------------+-----
Axes           | 4 5 6 7 8 10 11 13 14 | 14.3
Armour         | 3 4 5 6 8 9 10 | 10.2
Fighting       | 4 7 |  7.9
Dodging        | |  2.1

Action                   |  1- 3 |  4- 6 |  7- 9 | 10-12 || total
-------------------------+-------+-------+-------+-------++-------
Melee: Hand axe          |    85 |    59 |       |       ||   144
       Headbutt          |    10 |    21 |    41 |     6 ||    78
       War axe           |       |   101 |   206 |       ||   307
       Battleaxe         |       |       |    71 |    62 ||   133
Invok: Berserk           |     3 |     4 |    14 |     4 ||    25
       Trog's Hand       |       |     2 |     5 |     2 ||     9
  Use: Scroll            |       |       |    10 |       ||    10
       Potion            |       |       |     1 |     2 ||     3
 Stab: Petrified         |       |       |       |     2 ||     2
Armor: Animal skin       |    15 |       |       |       ||    15
       Scale mail        |     6 |    64 |   113 |    15 ||   198
       Chain mail        |       |       |       |    17 ||    17
Dodge: Dodged            |    43 |    95 |   174 |    41 ||   353

Table legend: (Time is in decaauts)
 A = Elapsed time spent in this place.
 B = Non-inter-level travel time spent in this place.
 C = Inter-level travel time spent in this place.
 D = Time resting spent in this place.
 E = Time spent auto-exploring this place.
 F = Levels seen in this place.
 G = Mean time per level.
                   A        B        C        D        E       F      G
               +--------+--------+--------+--------+--------+-----+--------+
         Total |   8739 |   8531 |    208 |   2341 |   4358 |  10 |  873.9 |
       Dungeon |   8473 |   8265 |    208 |   2273 |   4238 |   9 |  941.4 |
         Sewer |    266 |    266 |      0 |     68 |    120 |   1 |  266.0 |
               +--------+--------+--------+--------+--------+-----+--------+

Top non-repeatable levels by time:
     D:7: 1580 daAuts
     D:1: 1386 daAuts
     D:5: 1239 daAuts
     D:6: 925 daAuts
     D:4: 921 daAuts
     D:3: 868 daAuts
     D:8: 845 daAuts
     D:2: 561 daAuts
   Sewer: 266 daAuts
     D:9: 144 daAuts
